 Dungeon Crawl Stone Soup version 0.29.1-15-g9cfb28693d (webtiles) character file.

Game seed: 4151542722988406528

564 GigaChad the Covered (level 7, 0/61 HPs)
             Began as a Minotaur Fighter on Mar 10, 2023.
             Slain by Dowan
             ... wielding a +0 dagger
              (1 damage)
             ... on level 4 of the Dungeon.
             The game lasted 00:04:30 (2442 turns).

GigaChad the Covered (Minotaur Fighter)             Turns: 2442, Time: 00:04:31

Health: 0/61       AC:  8    Str: 27    XL:     7   Next: 10%
Magic:  6/6        EV: 10    Int:  5    God:
Gold:   314        SH:  4    Dex: 10    Spells: 6/6 levels left

rFire   . . .      SeeInvis .   f - +5 whip "Ifunenoa" {drain, rC- rN+ Str+5}
rCold   x . .      Faith    .   c - +0 buckler
rNeg    + . .      Spirit   .   b - +0 scale mail
rPois   .          Reflect  .   (helmet restricted)
rElec   .          Harm     .   h - +0 cloak
rCorr   .          Rampage  .   (no gloves)
Will    .....                   (no boots)
Stlth   ..........              (no amulet)
HPRegen 0.20/turn               (no ring)
MPRegen 0.10/turn               (no ring)

@: no status effects
A: horns 2, retaliatory headbutt
a: no special abilities


You were on level 4 of the Dungeon.
You visited 1 branch of the dungeon, and saw 4 of its levels.

You collected 314 gold pieces.

Inventory:

Hand Weapons
 a - a +0 war axe
 f - the +5 whip "Ifunenoa" (weapon) {drain, rC- rN+ Str+5}
   (You found it on level 1 of the Dungeon)

   A truly terrible weapon, it drains the life of any living foe it strikes.
   Str:       It affects your strength (+5).
   rC:        It makes you vulnerable to cold.
   rN:        It protects you from negative energy.
Armour
 b - a +0 scale mail (worn)
 c - a +0 buckler (worn)
 h - a +0 cloak (worn)
Jewellery
 m - a ring of willpower
 y - a ring of see invisible
Wands
 r - a wand of roots (3)
Scrolls
 g - 3 scrolls of identify
 i - a scroll of fear
 k - a scroll of acquirement {unknown}
 p - 2 scrolls of teleportation
 q - a scroll of amnesia
 s - 2 scrolls of noise {unknown}
 v - a scroll of brand weapon {unknown}
 w - a scroll of torment {unknown}
 z - a scroll of enchant armour {unknown}
Potions
 d - a potion of might
 e - a potion of haste {unknown}
 j - 4 potions of curing {unknown}
 l - 3 potions of brilliance {unknown}
 n - a potion of cancellation {unknown}
 o - a potion of flight {unknown}
 t - 2 potions of heal wounds {unknown}
 u - 2 potions of lignification {unknown}
 x - a potion of resistance {unknown}


   Skills:
 + Level 5.0 Fighting
 * Level 4.4(5.0) Axes
 + Level 3.6(4.6) Maces & Flails
 + Level 5.8 Armour
 + Level 1.9 Dodging
 + Level 1.0 Stealth
 + Level 4.9 Shields


You had 6 spell levels left.
You didn't know any spells.
Your spell library contained the following spells:

 Spells                   Type           Power      Damage    Failure   Level
 Beastly Appendage        Tmut           0%         N/A       82%         1
 Ensorcelled Hibernation  Hex/Ice        0%         N/A       91%         2
 Wereblood                Tmut           0%         N/A       91%         2
 Gell's Gravitas          Tloc           0%         N/A       99%         3
 Lesser Beckoning         Tloc           0%         N/A       99%         3
 Spider Form              Tmut/Pois      0%         N/A       99%         3
 Teleport Other           Tloc           0%         N/A       99%         3
 Anguish                  Hex/Necr       0%         N/A       100%        4
 Borgnjor's Revivificati  Necr           0%         N/A       100%        8
 Necromutation            Tmut/Necr      0%         N/A       100%        8
 Death's Door             Necr           0%         N/A       100%        9


Dungeon Overview and Level Annotations

Branches:
Dungeon (4/15)
 Temple: D:4-7

Altars:

Shops:
D:2 (?

Annotations:
D:4 Dowan


Innate Abilities, Weirdness & Mutations

You have a pair of horns on your head.
You reflexively headbutt those who attack you in melee.


Message History

The ufetubus hits you but does no damage. x2
You hit Duvessa.
You kill Duvessa!
Dowan screams, "No!
Oh no!"
Dowan seems to find hidden reserves of power!
The centaur closely misses you.
The centaur kicks you but does no damage.
Dowan hits you but does no damage. The ufetubus closely misses you.
The ufetubus hits you but does no damage.
The centaur hits you.
* * * LOW HITPOINT WARNING * * *
The centaur closely misses you.
Your Fighting skill increases to level 5!
Your Stealth skill increases to level 1!
You have reached level 7!
You hit Dowan. Your headbutt misses Dowan.
Dowan is heavily wounded.
Dowan gestures wildly while chanting.
Dowan blinks!
The ufetubus hits you.
* * * LOW HITPOINT WARNING * * *
You block the ufetubus's attack.
The centaur hits you but does no damage.
The centaur completely misses you. You block the centaur's attack.
The centaur kicks you.
* * * LOW HITPOINT WARNING * * *
The ufetubus barely misses you. You block the ufetubus's attack.
You closely miss Dowan.
Dowan is heavily wounded.
The centaur barely misses you.
The centaur kicks you but does no damage.
Dowan hits you but does no damage. The ufetubus hits you.
* * * LOW HITPOINT WARNING * * *
The ufetubus hits you but does no damage.
The centaur hits you.
* * * LOW HITPOINT WARNING * * *
The centaur closely misses you.
You hit Dowan.
Dowan is severely wounded.
Dowan hits you with a +0 dagger.
You die...

#...# #...#
#...# #...#
#...#
.#####...######
.......).......
.......5...$...
......c@.......
.#####.e.######
#...# #...#
#...# #####...#
#.......#
#.###...##
#######.#.....)#


You could see Dowan (fast), a centaur and an ufetubus.

Vanquished Creatures
  Menkaure (D:4)
  Duvessa (D:4)
  A black bear (D:3)
  A phantom (D:4)
  A scorpion (D:3)
  5 adders
  3 worms
  2 dart slugs
  4 orcs (D:4)
  8 ball pythons
  4 bats
  4 endoplasms
  3 giant cockroaches
  4 goblins
  7 hobgoblins
  5 jackals
  6 kobolds
  3 quokkas (D:3)
  2 frilled lizards
  9 rats
74 creatures vanquished.

Notes
Turn   | Place    | Note
-------+----------+-------------------------------------------
     0 | D:1      | GigaChad the Minotaur Fighter began the quest for the Orb.
     0 | D:1      | Reached XP level 1. HP: 19/19 MP: 0/0
    91 | D:1      | Found a faded altar of an unknown god.
    98 | D:1      | Identified the +5 whip "Ifunenoa" {drain, rC- rN+ Str+5}
   163 | D:1      | Reached XP level 2. HP: 25/27 MP: 1/1
   765 | D:2      | Reached XP level 3. HP: 33/33 MP: 2/2
   772 | D:2      | Reached skill level 1 in Maces & Flails
   999 | D:2      | Found Giumoh's Weapon Boutique.
  1175 | D:2      | Found Loec's Magic Scroll Shoppe.
  1421 | D:3      | Reached XP level 4. HP: 40/41 MP: 3/3
  1585 | D:3      | Noticed a scorpion
  1599 | D:3      | Killed a scorpion
  1600 | D:3      | Reached XP level 5. HP: 37/47 MP: 4/4
  1686 | D:3      | Noticed a black bear
  1696 | D:3      | Killed a black bear
  1697 | D:3      | Reached skill level 5 in Armour
  1697 | D:3      | Reached skill level 1 in Dodging
  1842 | D:3      | Reached XP level 6. HP: 52/53 MP: 5/5
  2079 | D:4      | Noticed Menkaure
  2090 | D:4      | Killed Menkaure
  2421 | D:4      | Noticed Dowan
  2422 | D:4      | Noticed Duvessa
  2438 | D:4      | Killed Duvessa
  2439 | D:4      | Reached skill level 5 in Fighting
  2439 | D:4      | Reached skill level 1 in Stealth
  2439 | D:4      | Reached XP level 7. HP: 11/61 MP: 6/6
  2441 | D:4      | HP: 1/61 [centaur (4)]
  2442 | D:4      | Slain by Dowan

Illustrated notes

Levels and vault maps discovered:
D:1:      dpeg_arrival_leaves_temple_mockup, layout_rooms,
          hellmonk_ecumenical_altar_lost_god, nicolae_titane
D:2:      layout_rooms, serial_shops, shop, shop_statue, reono_crystal_passage
D:3:      layout_basic, eino_tiny_chamber, minmay_joined_circles
D:4:      layout_loops_cross, uniq_crazy_yiuf_cottage, uniq_duvessa,
          uniq_menkaure

Skill      XL: |  1  2  3  4  5  6 |
---------------+-------------------+-----
Fighting       | 4 5 |  5.0
Armour         | 4 5 |  5.8
Shields        | 4 |  4.9
Maces & Flails | 1 2 3 |  3.6
Axes           | 3 4 |  4.4
Dodging        | 1 |  1.9
Stealth        | 1 |  1.0

Action                   |  1- 3 |  4- 6 |  7- 9 || total
-------------------------+-------+-------+-------++-------
Melee: Whip              |    54 |    77 |     3 ||   134
       War axe           |     4 |       |       ||     4
       Headbutt          |     5 |    18 |       ||    23
  Use: Scroll            |     5 |     1 |       ||     6
Armor: Scale mail        |    34 |    54 |     4 ||    92
Dodge: Dodged            |    41 |    42 |     4 ||    87
Block: Buckler           |    18 |    24 |     3 ||    45
